 Dungeon Sprint DCSS version 0.21.0-24-g2553a33 (webtiles) character file.

83 letownia2 the Ruffian (level 4, -11/42 HPs)
             Began as a Troll Wizard on Jan 20, 2018.
             Was an Initiate of Gozag.
             Splashed by an oklob sapling priest's acid (13 damage)
             ... in the Dungeon (Sprint IV: "Fedhas' Mad Dash").
             The game lasted 00:01:25 (272 turns).

letownia2 the Ruffian (Troll Wizard)                 Turns: 272, Time: 00:01:26

Health: -11/42     AC:  5    Str: 15    XL:     4   Next: 22%
Magic:  7/7        EV:  9    Int: 15    God:    Gozag
Gold:   30         SH:  0    Dex:  8    Spells: 1/8 levels left

rFire    . . .     SeeInvis .     - Unarmed
rCold    . . .     Gourm    +   (no shield)
rNeg     . . .     Faith    .   a - +0 robe
rPois    .         Spirit   .   b - +0 hat
rElec    .         Reflect  .   (no cloak)
rCorr    .         Harm     .   (gloves unavailable)
MR       .....     NoTele   +   (boots unavailable)
Stlth    +.........             k - amulet of invisibility {+Inv}
HPRegen  0.54/turn              (no ring)
MPRegen  0.10/turn              (no ring)

@: no status effects
A: large, unfitting armour, claws 3, fast metabolism 3, gourmand, regeneration
1, shaggy fur 1, tough skin 2
a: Potion Petition, Call Merchant, Bribe Branch, Renounce Religion, Evoke
Invisibility


You were in the Dungeon.
You worshipped Gozag.
Gozag was noncommittal.
You were not hungry.

You visited 1 branch You collected 30 gold pieces.

Inventory:

Armour
 a - a +0 robe (worn)
 b - a +0 hat (worn)
Jewellery
 k - the amulet of invisibility (around neck) {+Inv}
   (You found it in the Dungeon)

   [amulet of nothing]

   It lets you turn invisible.
Potions
 e - a potion of curing
 f - a potion of heal wounds
 g - a potion of haste
 h - 2 potions of magic
 i - a potion of berserk rage
Books
 c - a book of Minor Magic

   Spells                             Type                      Level
   a - Magic Dart                     Conjuration                  1
   b - Blink                          Translocation                2
   c - Call Imp                       Summoning                    2
   d - Slow                           Hexes                        2
   e - Conjure Flame                  Conjuration/Fire             3
   f - Mephitic Cloud                 Conjuration/Poison/Air       3
Comestibles
 d - 3 rations


   Skills:
 - Level 1.6 Fighting
 - Level 1.5 Dodging
 - Level 1.0 Stealth
 - Level 4.6 Unarmed Combat
 - Level 2.8 Spellcasting
 + Level 2.0 Conjurations
   Level 0.6 Summonings
   Level 0.6 Translocations
 + Level 1.7 Fire Magic
 + Level 1.5 Air Magic
 + Level 1.7 Poison Magic


You had one spell level left.
You knew the following spells:

 Your Spells              Type           Power        Failure   Level  Hunger
a - Magic Dart            Conj           #...         9%          1    #......
c - Conjure Flame         Conj/Fire      #.......     28%         3    ###....
e - Mephitic Cloud        Conj/Pois/Air  #.......     30%         3    ###....


Dungeon Overview and Level Annotations

Branches:
Dungeon (1/1)

Altars:
Cheibriados
Dithmenos
Elyvilon
Gozag
Hepliaklqana
Kikubaaqudgha
Makhleb
Nemelex Xobeh
Okawaru
Qazlal
Ru
Sif Muna
Trog
Uskayaw
Vehumet
Wu Jian
Xom
Yredelemnul
Zin
The Shining One
Beogh
Jiyva
Lugonu

Annotations:
D exclusion: oklob sapling


Innate Abilities, Weirdness & Mutations

You are too large for most types of armour.
You have claws for hands.
Your metabolism is lightning-fast.
You like to eat raw meat.
Your natural rate of healing is unusually fast.
You are covered in fur. (AC +1)
You have very tough skin. (AC +2)


Message History

Really walk into a travel-excluded area?
There is an open door here.
There is an opulent altar of Gozag here.
You kneel at the altar of Gozag.
Gozag welcomes you!
Gozag waives the service fee.
Gozag offers you a free set of potion effects!
The oklob sapling priest invokes the aid of its god against you.
Something smites you!
There is a hazy altar of Hepliaklqana here.
You scratch the oklob sapling priest but do no damage.
The oklob sapling priest mumbles some strange prayers to its god against you.
Something smites you!
You scratch the oklob sapling priest.
The oklob sapling priest is moderately damaged.
The oklob sapling priest spits acid at you.
The splash of acid hits you!
* * * LOW HITPOINT WARNING * * *
You are splashed with acid!
The acid burns!
You die...
Your body crumbles into a pile of gold.

########################
....#.....#.⌠._._._._.⌠.
$
[...'.#.).'.._._@_._._..
$ $
....#.#...#..._._P_._...
########'##.._._._._._..
$ $
......'...#._._._._._.⌠.
♣.....#$.$##############
..♣..###### ### $ $$ $


You could see an oklob sapling priest.

Vanquished Creatures
  2 oklob saplings (D)
  A worker ant (D)
  A river rat (D)
  A rat (D)
5 creatures vanquished.

Notes
Turn   | Place    | Note
-------+----------+-------------------------------------------
     0 | D        | letownia2 the Troll Wizard began the quest for the Orb.
     0 | D        | Reached XP level 1. HP: 16/16 MP: 2/2
    12 | D        | Reached skill level 1 in Unarmed Combat
    14 | D        | Reached skill level 1 in Fighting
    14 | D        | Reached skill level 3 in Unarmed Combat
    14 | D        | Reached XP level 2. HP: 9/28 MP: 4/4
    59 | D        | Noticed an oklob sapling
    70 | D        | Killed an oklob sapling
    70 | D        | Reached skill level 4 in Unarmed Combat
    70 | D        | Reached XP level 3. HP: 35/35 MP: 6/6
    75 | D        | Learned a level 3 spell: Mephitic Cloud
    79 | D        | Learned a level 3 spell: Conjure Flame
    81 | D        | Found the amulet of invisibility {+Inv}
    91 | D        | Reached skill level 1 in Conjurations
    91 | D        | Reached skill level 1 in Fire Magic
    91 | D        | Reached skill level 1 in Air Magic
    91 | D        | Reached skill level 1 in Poison Magic
   154 | D        | Noticed an oklob sapling
   158 | D        | Killed an oklob sapling
   158 | D        | Reached XP level 4. HP: 42/42 MP: 4/7
   165 | D        | Found an opulent altar of Gozag.
   165 | D        | Found a hazy altar of Hepliaklqana.
   165 | D        | Found a roughly hewn altar of Beogh.
   165 | D        | Found a snail-covered altar of Cheibriados.
   166 | D        | Found a viscous altar of Jiyva.
   166 | D        | Found a burning altar of Makhleb.
   166 | D        | Found a sparkling altar of Nemelex Xobeh.
   166 | D        | Found a sacrificial altar of Ru.
   166 | D        | Found a deep blue altar of Sif Muna.
   166 | D        | Found a bloodstained altar of Trog.
   166 | D        | Found an ornate altar of the Wu Jian Council.
   166 | D        | Found a shimmering altar of Xom.
   166 | D        | Found a basalt altar of Yredelemnul.
   167 | D        | Found an iron altar of Okawaru.
   167 | D        | Found a shadowy altar of Dithmenos.
   167 | D        | Found a glowing silver altar of Zin.
   168 | D        | Found an ancient bone altar of Kikubaaqudgha.
   168 | D        | Found a hide-covered altar of Uskayaw.
   169 | D        | Found a stormy altar of Qazlal.
   169 | D        | Found a white marble altar of Elyvilon.
   169 | D        | Found a glowing golden altar of the Shining One.
   170 | D        | Found a corrupted altar of Lugonu.
   170 | D        | Found a radiant altar of Vehumet.
   172 | D        | HP: 1/42 [acid (14)]
   267 | D        | Became a worshipper of Gozag Ym Sagoz the Greedy
   272 | D        | HP: 2/42 [oklob sapling priest/splash of acid (14)]
   272 | D        | Splashed by an oklob sapling priest's acid

Skill      XL: |  1  2  3 |
---------------+----------+-----
Unarmed Combat | 3 4 |  4.6
Fighting       | 1 |  1.6
Conjurations   | 2 |  2.0
Fire Magic     | 1 |  1.7
Air Magic      | 1 |  1.5
Poison Magic   | 1 |  1.7
Dodging        | |  1.5
Stealth        | |  1.0
Spellcasting   | |  2.8
Summonings     | |  0.6
Translocations | |  0.6

Action                   |  1- 3 |  4- 6 || total
-------------------------+-------+-------++-------
Melee: Unarmed           |    29 |     3 ||    32
       Punch             |     1 |       ||     1
 Abil: Evoke Invisibilit |     1 |       ||     1
  Use: Scroll            |       |     1 ||     1
  Eat: Chunk             |     3 |       ||     3
Armor: Robe              |     5 |       ||     5
Dodge: Dodged            |     7 |       ||     7
